Cogmind - Beta 11.1 @@@ ROGUE MODE // 2022.05.21 @ 17:16:00 Player: aoemica Result: Destroyed by P-70 Sage with Tesla Rifle Performance ------------- Evolutions (5) 2500 Regions Visited (30) 6000 Robots Destroyed (732) 3660 Value Destroyed (28715) 28715 Prototype IDs (110) 2200 Alien Tech Used (2) 400 Bonus (13140) 13140 TOTAL SCORE: 56615 Bonus ------- Triggered High Security 500 High Alert Combat Kills 9643 Follower Combat Kills 3329 Entered Garrisons 800 Used RIF Installer 2000 Aligned with FarCom 300 Met Data Miner 300 Met Zhirov 300 Friendly Fire -4032 Cogmind --------- Core Integrity 0/1000 Matter 296/300 Energy 598/600 System Corruption 26% Temperature Cool (0) Movement Core (50) Location -4/Proximity Caves Parts ------- > --- POWER (3) -------- (None) > --- PROPULSION (4) --- Experimental Gyrokinetic Inverter > --- UTILITY (8) ------ Advanced Energy Well Makeshift Terrain Scan Processor Experimental Terrain Scan Processor Hacking Suite Advanced System Shield > --- WEAPON (2) ------- (None) > --- INVENTORY (5) ---- Light Angular Momentum Engine Advanced EM Disruption Field Long-range Proton Cannon Enhanced Gamma Bomb Array Peak State ------------ > --- POWER ------------ F-cell Engine Antimatter Reactor Graviton Reactor > --- PROPULSION ------- Heavy Treads Armored Huge Wheel > --- UTILITY ---------- Advanced Cooling System Advanced Cooling System Huge Storage Unit Experimental Targeting Computer Improved Weapon Cycler Improved Transmission Jammer Improved Medium Armor Plating Experimental Thermal Defense Suite > --- WEAPON ----------- Long-range Proton Cannon Long-range Proton Cannon > --- INVENTORY -------- Neutrino Core Heavy Treads Advanced Cooling System Experimental Energy Well Experimental Energy Well Hardened Medium Armor Plating Advanced EM Disruption Field Advanced Shield Generator Relay Coupler [NC] Relay Coupler [NC] Relay Coupler [Grunt] Relay Coupler [Hunter] Advanced Component Analysis Suite Long-range Proton Cannon Long-range Proton Cannon Long-range Proton Cannon Long-range Proton Cannon Cooled Particle Cannon Cooled Plasma Cannon Advanced EMP Blaster Improved Proton Missile Launcher Heavy Missile Launcher Long-range Missile Launcher Improved Remote Datajack [Rating: 111] Favorites ----------- Power Antimatter Reactor Engine Heavy Deuterium Engine Power Core Fission Core Reactor Antimatter Reactor Propulsion Light Treads Treads Light Treads Leg Aluminum Leg Wheel Armored Huge Wheel Hover Unit Experimental Gyrokinetic Inverter Utility Huge Storage Unit Device Improved Cooling System Storage Huge Storage Unit Processor Advanced Targeting Computer Hackware Relay Coupler [NC] Protection Hardened Medium Armor Plating Weapon Improved EM Pulse Cannon Energy Gun Heavy EM Pulse Gun Energy Cannon Improved EM Pulse Cannon Ballistic Gun Enhanced Autogun Ballistic Cannon Battle Cannon Launcher Advanced EMP Blaster Special Weapon Remote Datajack Special Melee Weapon Datajack Build | -11 -10 -10 -9 -9 -9 -8 -8 -8 -8 -8 -7 -7 -7 -7 -7 -7 -7 -7 -6 -6 -6 -6 -6 -5 -5 -5 -5 -5 -5 -4 ------- Run | Scr Mat Min Mat Min Exi Min Mat Gar Mat Gar Fac Was Fac Gar Fac Low Low Dat Pro Fac Was Fac Gar Fac Was Fac Upp Upp Zhi Pro Slots Evolved 10 | . . . 2 . . . 2 . . . 2 . . . . . . . . 2 . . . 2 . . . . . . Power 2 | . . . . . . . . . . . 1 . . . . . . . . . . . . 1 . . . . . . Propulsion 2 | . . . 1 . . . . . . . . . . . . . . . . 1 . . . . . . . . . . Utility 6 | . . . 1 . . . 2 . . . 1 . . . . . . . . 1 . . . 1 . . . . . . Weapon . | . . . . . . . . . . . . . . . . . . . . . . . . . . . . . . . Parts Attached 854 | . 28 2 43 4 23 22 31 35 33 35 57 17 30 23 52 10 17 4 10 53 24 95 53 43 10 85 5 3 7 . Power 35 | . 4 . 1 . . 4 . 1 1 1 3 2 1 . 1 . . . . 1 3 3 2 2 1 4 . . . . Engine 20 | . 4 . 1 . . 2 . 1 1 1 1 1 1 . 1 . . . . . . 1 . 2 . 3 . . . . Core 4 | . . . . . . . . . . . 1 . . . . . . . . . . 2 . . . 1 . . . . Reactor 11 | . . . . . . 2 . . . . 1 1 . . . . . . . 1 3 . 2 . 1 . . . . . Propulsion 110 | . 5 1 12 . 6 4 12 5 8 3 3 5 2 . 3 . 1 . 2 3 6 3 5 5 1 10 2 3 . . Treads 94 | . 4 1 12 . 6 3 12 5 8 3 2 4 1 . 3 . 1 . 2 3 6 3 5 . 1 7 1 1 . . Leg 5 | . 1 . . . . 1 . . . . . . . . . . . . . . . . . . . 1 1 1 . . Wheel 10 | . . . . . . . . . . . 1 1 1 . . . . . . . . . . 5 . 1 . 1 . . Hover 1 | . . . . . . . . . . . . . . . . . . . . . . . . . . 1 . . . . Flight . | . . . . . . . . . . . . . . . . . . . . . . . . . . . . . . . Utility 226 | . 5 1 7 2 4 6 12 8 9 8 11 5 13 10 9 4 4 . 2 14 2 26 19 13 4 20 2 . 6 . Device 129 | . 3 . 2 . 2 4 6 4 1 2 5 2 9 5 7 4 3 . 1 12 2 16 9 12 1 16 . . 1 . Storage 12 | . 2 1 . . . 1 . . 1 . 1 . . . . . . . . . . 3 . . . . . . 3 . Processor 10 | . . . . . . . 3 . 1 . . . 1 . 1 . . . . . . 2 . . . . 1 . 1 . Hackware 21 | . . . . . . . . 4 . 1 . . 1 5 1 . . . . . . . 6 . . 1 1 . 1 . Protection 54 | . . . 5 2 2 1 3 . 6 5 5 3 2 . . . 1 . 1 2 . 5 4 1 3 3 . . . . Artifact . | . . . . . . . . . . . . . . . . . . . . . . . . . . . . . . . Weapon 483 | . 14 . 23 2 13 8 7 21 15 23 40 5 14 13 39 6 12 4 6 35 13 63 27 23 4 51 1 . 1 . Energy Gun 24 | . 10 . 11 . 1 . 2 . . . . . . . . . . . . . . . . . . . . . . . Energy Cannon 282 | . . . 3 1 2 2 2 3 . 11 27 3 9 8 32 3 4 1 4 30 9 55 17 18 3 34 . . 1 . Ballistic Gun 49 | . 4 . 8 . 9 6 2 10 8 2 . . . . . . . . . . . . . . . . . . . . Ballistic Cannon 2 | . . . . . . . . . . . . . . . . . . . . . . . . . 1 1 . . . . Launcher 82 | . . . . 1 . . 1 2 7 7 12 . 4 . 6 3 7 2 2 3 . 7 2 2 . 14 . . . . Special Weapon 42 | . . . . . . . . 6 . 3 1 2 1 5 1 . 1 1 . 2 4 1 8 3 . 2 1 . . . Impact Weapon . | . . . . . . . . . . . . . . . . . . . . . . . . . . . . . . . Slashing Weapon . | . . . . . . . . . . . . . . . . . . . . . . . . . . . . . . . Piercing Weapon . | . . . . . . . . . . . . . . . . . . . . . . . . . . . . . . . Special Melee Weapon 2 | . . . 1 . 1 . . . . . . . . . . . . . . . . . . . . . . . . . Unidentified Prototypes 18 | . . . 1 . . 5 1 . . . . . . . . . . . . . . . . . . 7 . . 4 . Corrupted Parts 3 | . . . . . . . . . . . . . . . . . . . 3 . . . . . . . . . . . System Corruption 12 | . . . . . . . . . . . . . . . . . . . 12 . . . . . . . . . . . Parts Lost 58 | . . . 6 1 4 5 2 1 4 2 5 . . 1 . . 5 . . 2 . 1 8 2 . 5 1 . . 3 Power 3 | . . . 1 . . 1 . . . . . . . . . . . . . . . . . . . 1 . . . . Propulsion 18 | . . . 1 . 3 1 1 1 . . 1 . . . . . 1 . . 1 . . 2 2 . . 1 . . 3 Utility 26 | . . . 2 1 . 3 1 . 2 2 2 . . 1 . . 2 . . . . 1 6 . . 3 . . . . Weapon 11 | . . . 2 . 1 . . . 2 . 2 . . . . . 2 . . 1 . . . . . 1 . . . . Highest Loss Streak 5 | . . . 3 1 4 4 1 1 2 1 2 . . 1 . . 5 . . 1 . 1 5 1 . 3 1 . . 2 To Critical Strikes 4 | . . . . . 4 . . . . . . . . . . . . . . . . . . . . . . . . . Average Slot Usage (%) 95 | . 97 100 99 100 99 94 97 99 99 99 92 91 91 91 92 100 99 100 100 99 90 86 94 98 92 83 35 39 51 48 Engine 6 | . 13 14 10 11 11 9 . 1 8 9 7 8 7 7 7 7 7 7 7 6 1 1 . 10 5 5 . . . . Reactor 5 | . . . . . . 1 9 7 . . . 3 7 7 7 7 7 7 7 6 10 7 13 5 10 8 . . . . Treads 20 | . 21 28 32 33 33 33 27 27 27 27 17 6 7 7 8 23 23 23 23 25 16 13 22 19 9 5 10 5 5 4 Wheel 1 | . . . . . . . . . . . 2 6 7 7 6 . . . . . . . . 2 5 4 . . 5 2 Device 16 | . 12 14 11 11 10 16 20 15 18 9 16 16 14 14 19 15 14 15 15 19 20 18 17 24 29 25 . . . . Storage 8 | . 14 14 11 11 11 11 9 9 9 9 7 15 7 7 7 7 7 7 7 6 6 7 6 5 5 4 . . 4 5 Processor 5 | . . . . . . . 7 9 9 9 6 . 6 7 7 7 7 7 7 6 6 6 6 5 5 4 . 5 9 11 Hackware 3 | . . . . . . . . 2 . 7 . . . 7 3 7 7 7 7 6 6 6 6 3 . 1 4 5 9 11 Protection 7 | . . . 10 11 11 . 5 9 8 9 12 14 14 7 7 7 6 7 7 6 6 6 7 5 5 4 . . . . Energy Gun 2 | . 26 28 10 . . . . . . . . . . . . . . . . . . . . . . . . . . . Energy Cannon 10 | . . . 11 22 1 10 11 . . 17 14 14 13 11 13 11 3 14 14 12 8 12 11 10 10 8 . . 1 . Ballistic Gun 2 | . 1 . . . 18 11 6 13 17 . . . . . . . . . . . . . . . . . . . . . Naked Turns . | . . . . . . . . . . . . . . . . . . . . . . . . . . . . . . . Heaviest Build 162 | 11 34 54 60 60 74 61 66 69 101 109 121 142 142 133 133 132 132 131 131 135 139 141 145 143 157 162 3 3 12 3 Greatest Support 140 | 20 40 40 60 60 60 60 63 63 63 63 60 28 28 28 64 64 64 64 74 103 140 140 128 90 28 140 35 3 28 3 Greatest Overweight (x) 47 | . 1 1 . . 1 1 1 1 1 1 4 47 6 6 43 2 2 2 2 1 1 1 5 14 5 5 . . 3 . Average Overweight (x) 1 | . . . . . . . . . . 1 2 5 4 4 3 2 1 2 1 1 . . . 3 4 4 . . . . Largest Inventory Capacity 25 | . 15 20 20 20 20 20 20 20 25 25 25 25 25 25 25 25 25 25 25 25 25 25 25 25 25 25 5 5 5 5 Average Capacity 22 | . 13 18 20 20 20 20 20 20 22 25 25 25 25 25 25 25 25 25 25 25 25 25 25 25 25 24 5 5 5 5 Most Carried 25 | . 15 20 20 20 20 20 20 20 25 25 25 25 25 25 25 25 25 22 25 25 25 25 25 25 25 25 5 5 5 4 Average Carried 22 | . 12 18 19 19 18 19 19 19 21 23 24 24 24 22 24 25 24 22 23 24 24 24 24 24 24 24 5 5 4 4 Final Capacity 25 | 8 15 20 20 20 20 20 20 20 25 25 25 25 25 25 25 25 25 25 25 25 25 25 25 25 25 25 5 5 5 5 Final Carried 25 | 6 15 20 20 20 20 20 20 20 25 25 25 25 25 25 25 25 22 22 25 25 25 25 25 25 25 25 5 5 4 4 Class Distribution -------------------- 41% | Bothacker-Mutant 36% | Mutant 15% | Scavenger-Mutant 5% | Commander-Mutant Dominant Class ---------------- Mutant | -10/Materials Mutant | -10/Mines Mutant | -9/Materials Scavenger-Mutant | -9/Mines Mutant | -9/Exiles Scavenger-Mutant | -8/Mines Scavenger-Mutant | -8/Materials Scavenger-Mutant | -8/Garrison Mutant | -8/Materials Bothacker-Mutant | -8/Garrison Bothacker-Mutant | -7/Factory Bothacker-Mutant | -7/Waste Mutant | -7/Factory Bothacker-Mutant | -7/Garrison Commander-Mutant | -7/Factory Mutant | -7/Lower Caves Mutant | -7/Lower Caves Mutant | -7/Data Miner Mutant | -6/Proximity Caves Bothacker-Mutant | -6/Factory Bothacker-Mutant | -6/Waste Bothacker-Mutant | -6/Factory Bothacker-Mutant | -6/Garrison Bothacker-Mutant | -5/Factory Bothacker-Mutant | -5/Waste Bothacker-Mutant | -5/Factory Mutant | -5/Upper Caves Mutant | -5/Upper Caves Hacker-Mutant | -5/Zhirov Hacker-Mutant | -4/Proximity Caves Resources | -11 -10 -10 -9 -9 -9 -8 -8 -8 -8 -8 -7 -7 -7 -7 -7 -7 -7 -7 -6 -6 -6 -6 -6 -5 -5 -5 -5 -5 -5 -4 ----------- Run | Scr Mat Min Mat Min Exi Min Mat Gar Mat Gar Fac Was Fac Gar Fac Low Low Dat Pro Fac Was Fac Gar Fac Was Fac Upp Upp Zhi Pro Matter Collected 14159 | 200 346 9 482 40 755 550 762 834 1281 510 818 199 363 299 660 166 332 . 184 581 300 1153 809 538 100 1717 90 62 19 . Remotely . | . . . . . . . . . . . . . . . . . . . . . . . . . . . . . . . Salvage Created 36649 | . 1497 235 1527 137 554 186 2350 629 1957 693 2950 450 1466 718 3060 546 858 . 169 2544 1719 4119 1000 1787 450 4918 . . 130 . Parts 1644 | . 91 11 90 11 73 13 130 29 111 35 153 11 52 31 132 22 40 . 12 97 42 150 56 43 14 189 . . 6 . Haulers Intercepted 40 | . 2 . 6 . . . 5 . 4 . 3 . 3 . 3 . . . . 6 . 3 . 3 . 2 . . . . Recyclers Shooed 26 | . . . 1 . . . 2 . 1 . 1 . 1 . 3 . . . . 5 . 3 . 6 . 3 . . . . Parts Field Recycled . | . . . . . . . . . . . . . . . . . . . . . . . . . . . . . . . Retrieved Matter . | . . . . . . . . . . . . . . . . . . . . . . . . . . . . . . . Parts Self-Destructed 48 | . . . . . . . . . . . . . . . . 16 19 . 8 . . . . . . . 5 . . . Prevented 54 | . . . . . . . . . . . . . . . . 11 30 . 7 . . . . . . . . . 6 . Kills | -11 -10 -10 -9 -9 -9 -8 -8 -8 -8 -8 -7 -7 -7 -7 -7 -7 -7 -7 -6 -6 -6 -6 -6 -5 -5 -5 -5 -5 -5 -4 ------- Run | Scr Mat Min Mat Min Exi Min Mat Gar Mat Gar Fac Was Fac Gar Fac Low Low Dat Pro Fac Was Fac Gar Fac Was Fac Upp Upp Zhi Pro Combat Hostiles Destroyed 567 | . 27 4 27 8 4 7 42 14 35 23 49 . 17 16 41 12 20 . 6 31 5 64 18 16 . 81 . . . . Melee 2 | . . . . . . . 1 . . . . . . . . . . . . . . 1 . . . . . . . . Guns 97 | . 24 3 7 . 4 4 18 11 25 1 . . . . . . . . . . . . . . . . . . . . Cannons 200 | . . . 14 8 . 3 19 . . 13 17 . 5 12 24 2 3 . . 10 5 25 9 9 . 22 . . . . AOE 186 | . 2 . 4 . . . 3 2 10 8 26 . 5 1 12 9 12 . 6 10 . 18 8 4 . 46 . . . . Classes Destroyed 25 | . 9 . 1 1 3 1 4 . 1 . 1 . . 1 . . . . . . 1 2 . . . . . . . . Worker 31 | . 3 . . 1 . . 2 . 3 . 2 . 2 . 6 . . . . 2 . 4 . 1 . 5 . . . . Builder 14 | . 1 1 3 . . . . . . . . . . . 2 . . . . . . 2 . 2 . 3 . . . . Tunneler 4 | . 1 . . . . . . . 1 . 1 . . . . . . . . 1 . . . . . . . . . . Hauler 40 | . 2 . 6 . . . 5 . 4 . 3 . 3 . 3 . . . . 6 . 3 . 3 . 2 . . . . Recycler 25 | . 1 1 2 . . . . . 2 . 4 . 3 . 3 . . . . 3 . . . 3 . 3 . . . . Mechanic 12 | . . . . . . . . . 1 . 3 . . . 1 . . . . . . 2 . . . 5 . . . . Operator 7 | . 2 . . . . . 1 . 1 . 1 . . . . . . . . . . 1 . . . 1 . . . . Turret 1 | . . . . . 1 . . . . . . . . . . . . . . . . . . . . . . . . . Watcher 24 | . 3 . 3 . . . 3 . . . 2 . 1 . 4 . . . . 2 . 1 1 2 . 2 . . . . Swarmer 109 | . 3 . 10 6 . 5 3 2 3 12 13 . . 4 . 4 8 . 4 8 . 6 3 4 . 11 . . . . Cutter 8 | . . . . . . . . . . . . . . 2 . . . . . . . 3 3 . . . . . . . Saboteur 6 | . . . . . . . . . . . . . . . . . . . . . . 2 . . . 4 . . . . Grunt 255 | . 24 4 10 . . . 23 10 24 6 13 . 13 8 21 4 10 . 1 8 . 35 4 6 . 31 . . . . Brawler 17 | . . . . . . . 1 1 2 . 2 . . . 5 . . . . . . . . . . 6 . . . . Duelist 24 | . . . . . . . 2 1 1 . 3 . . . 4 2 1 . . 1 . 6 2 . . 1 . . . . Protector 7 | . . . . . . . 1 . . . 2 . . . 2 . . . . . . . . . . 2 . . . . Sentry 56 | . . . 7 . . . 7 2 5 5 4 . 2 2 2 2 1 . 1 3 . 5 4 2 . 2 . . . . Demolisher 2 | . . . . 2 . . . . . . . . . . . . . . . . . . . . . . . . . . Specialist 8 | . . . . . . . . . . . 4 . . . . . . . . . . . 2 . . 2 . . . . Hunter 30 | . . . . . . 2 4 . . . 4 . 1 . . . . . . 6 . 1 . 1 . 11 . . . . Programmer 40 | . . . . . . . 1 . . . 4 . 1 . 7 . . . . 5 . 5 . 4 . 13 . . . . Behemoth 2 | . . . . . . . . . . . . . . . . . . . . . . 1 1 . . . . . . . Compactor 5 | . . . . . . . . . . . . . . . . . . . . . 5 . . . . . . . . . Zionite 8 | . . . . . 8 . . . . . . . . . . . . . . . . . . . . . . . . . Assembled 3 | . . . . . 3 . . . . . . . . . . . . . . . . . . . . . . . . . Wasp 1 | . . . . . . . . . . . . . . . . . . . . . . . . . 1 . . . . . Thug 2 | . . . . . . . . . . . . . 1 . . . . . . . . . . . . 1 . . . . Martyr 7 | . . . . . . . . . . . . 2 . . . . . . . . 2 . . . 2 1 . . . . Best Kill Streak 16 | . 14 2 7 3 5 3 5 3 9 4 12 . 7 4 8 7 8 . 4 5 2 8 5 5 . 16 . . . . Combat Bots Only 13 | . 7 2 6 2 3 3 4 3 6 4 10 . 5 4 5 7 8 . 4 4 2 7 5 4 . 13 . . . . Max Kills in Single Turn 5 | . 2 1 2 1 1 1 2 1 5 2 5 1 3 1 5 4 3 . 4 4 1 4 2 3 1 5 . . . . Gunslinging 1 | . 1 . 1 . . . . . . . . . . . . . . . . . . . . . . . . . . . Exploded 5 | . 1 . 1 . . . 2 1 4 2 3 . 3 1 4 4 3 . 4 3 . 3 2 2 . 5 . . . . Melee 1 | . . . . . . . 1 . . . . . . . . . . . . . . 1 . . . . . . . . Uniques/NPCs Destroyed 4 | . . . . . 4 . . . . . . . . . . . . . . . . . . . . . . . . . 8R-AWN (-9/Exiles) EX-DEC (-9/Exiles) EX-HEX (-9/Exiles) EX-BIN (-9/Exiles) Combat | -11 -10 -10 -9 -9 -9 -8 -8 -8 -8 -8 -7 -7 -7 -7 -7 -7 -7 -7 -6 -6 -6 -6 -6 -5 -5 -5 -5 -5 -5 -4 -------- Run | Scr Mat Min Mat Min Exi Min Mat Gar Mat Gar Fac Was Fac Gar Fac Low Low Dat Pro Fac Was Fac Gar Fac Was Fac Upp Upp Zhi Pro Damage Taken 22300 | . 263 75 1075 314 896 779 1362 474 1022 420 1555 . 458 895 730 518 565 . 134 1160 . 3097 1286 667 . 3496 390 231 129 309 Core 2620 | . 11 17 119 10 23 61 131 44 112 43 203 . 23 94 100 141 86 . 11 84 . 210 94 27 . 558 176 94 61 87 Absorbed by Shields 1641 | . . . . . . . 216 . . . . . . 10 9 . . . . . . 417 318 171 . 500 . . . . Reduced by Siege Mode 220 | . . . . . . . . . . . . . . . . . . . . . . 187 4 . . 29 . . . . Redirected to Shielding 3 | . . . . . . . . . . 3 . . . . . . . . . . . . . . . . . . . . Regen/Repaired (Parts) 1884 | . 218 . 236 . . . . . . . . . 46 423 401 29 77 . 103 351 . . . . . . . . . . Core Remaining (%) 55 | 100 . 88 . . . 46 . . . 40 . . . . . . . . 6 . . . 54 . . . . . . . Volleys Fired 1925 | . 74 9 91 23 74 54 131 77 117 71 76 19 60 94 103 10 27 2 10 97 195 142 105 99 23 131 . . 11 . Largest 2 | . 2 2 2 2 2 2 2 2 2 2 2 2 2 2 2 2 2 1 2 2 2 2 2 2 1 2 . . 1 . Hottest 250 | . 90 90 136 136 250 136 136 138 69 138 138 138 138 138 138 138 138 5 138 180 81 150 138 162 75 162 . . 81 . Shots Fired 3076 | . 126 18 182 46 120 84 259 122 230 92 143 25 92 130 183 18 40 2 16 170 224 241 134 139 23 205 . . 12 . Gun 878 | . 126 18 106 . 119 70 118 99 219 3 . . . . . . . . . . . . . . . . . . . . Cannon 1891 | . . . 76 46 1 14 138 8 . 75 116 18 78 115 159 10 10 . 11 165 220 225 104 131 23 140 . . 8 . Launcher 220 | . . . . . . . 3 6 11 10 26 . 10 . 23 8 29 . 5 4 . 16 6 3 . 60 . . . . Special 87 | . . . . . . . . 9 . 4 1 7 4 15 1 . 1 2 . 1 4 . 24 5 . 5 . . 4 . Kinetic 661 | . 22 . 19 . 119 70 110 99 219 3 . . . . . . . . . . . . . . . . . . . . Thermal 773 | . . . 76 46 1 14 138 . . . 27 19 44 17 33 . . . . 52 128 43 19 52 19 45 . . . . Explosive 108 | . . . . . . . 3 6 11 10 11 . . . . 2 8 . 1 4 . 6 6 3 . 37 . . . . Electromagnetic 1454 | . 104 18 87 . . . 8 8 . 75 104 6 44 98 149 16 31 . 15 113 92 192 85 79 4 118 . . 8 . Robot Hit Streak 28 | . 8 12 12 3 8 7 18 18 24 13 26 15 19 15 21 22 5 1 6 18 16 28 16 13 12 18 . . 7 . Robot Miss Streak 5 | . 4 1 3 4 4 4 3 2 3 1 3 1 2 2 5 2 2 1 2 2 1 3 2 3 2 4 . . 1 . Penetration Max 1 | . . . . . . 1 . . . . . . . . . . . . . . . . . . . . . . . . Secondary Targets 10 | . 3 1 2 . 1 . 1 1 1 . . . . . . . . . . . . . . . . . . . . . Max Gunslinging Chain 1 | . 1 1 1 . 1 . 1 1 1 . . . . . . . . . . . . . . . . . . . . . Shots Hit Robots 2004 | . 75 15 119 19 85 47 181 79 157 36 97 22 60 62 116 10 14 1 10 125 194 169 65 92 18 130 . . 6 . Core Hits 1205 | . 44 7 44 10 31 13 86 36 87 27 107 5 29 16 88 16 36 . 10 56 33 108 35 40 6 234 . . 1 . Critical Kills 9 | . . . . . . 1 3 . . . . . 2 . . . . . . . . . 1 2 . . . . . . Critical Parts Destroyed 12 | . 1 . . . 4 3 2 1 1 . . . . . . . . . . . . . . . . . . . . . Critical Strikes 42 | . 2 . . . 4 9 5 1 1 . 2 . 3 . 1 . . . . 2 2 5 1 2 1 1 . . . . Meltdown 8 | . . . . . . . 3 . . . . . 2 . . . . . . . . . 1 2 . . . . . . Destroy 18 | . 1 . . . 4 9 2 1 1 . . . . . . . . . . . . . . . . . . . . . Corrupt 16 | . 1 . . . . . . . . . 2 . 1 . 1 . . . . 2 2 5 . . 1 1 . . . . Melee Attacks 4 | . . . . . 4 . . . . . . . . . . . . . . . . . . . . . . . . . Impact . | . . . . . . . . . . . . . . . . . . . . . . . . . . . . . . . Slashing . | . . . . . . . . . . . . . . . . . . . . . . . . . . . . . . . Piercing . | . . . . . . . . . . . . . . . . . . . . . . . . . . . . . . . Sneak Attacks 4 | . . . . . 4 . . . . . . . . . . . . . . . . . . . . . . . . . Combat Hostiles . | . . . . . . . . . . . . . . . . . . . . . . . . . . . . . . . Follow-up Attacks . | . . . . . . . . . . . . . . . . . . . . . . . . . . . . . . . Damage Inflicted 75679 | . 1713 312 2625 476 1460 964 3868 2003 3847 1312 6071 570 2424 1581 5708 1139 1755 . 670 5427 3278 8420 2186 3348 648 13757 . . 117 . Guns 10239 | . 1385 242 1188 . 1349 686 1616 1039 2690 44 . . . . . . . . . . . . . . . . . . . . Cannons 35344 | . . . 1053 443 25 202 1943 151 . 794 2542 470 1594 1383 3414 176 220 . 194 3836 3278 5084 1316 2927 648 3563 . . 88 . Explosions 29075 | . 209 . 304 . 59 . 297 813 1132 474 3526 . 826 198 2294 963 1535 . 476 1419 . 3171 766 420 . 10193 . . . . Melee . | . . . . . . . . . . . . . . . . . . . . . . . . . . . . . . . Ramming 921 | . 119 70 80 33 27 76 12 . 25 . 3 . 4 . . . . . . 172 . 165 104 1 . 1 . . 29 . Kinetic 7768 | . 204 . 286 . 1349 686 1470 1039 2690 44 . . . . . . . . . . . . . . . . . . . . Thermal 18618 | . 209 . 1357 443 84 202 2005 97 . . 1329 425 711 470 1263 109 136 . 68 1283 3108 1560 493 1258 546 1462 . . . . Explosive 15597 | . . . . . . . 235 716 1132 474 1271 . . . 394 364 365 . 291 1165 . 1355 668 377 . 6790 . . . . Electromagnetic 32775 | . 1181 242 902 . . . 146 151 . 794 3468 145 1709 1111 4051 666 1254 . 311 2807 170 5340 921 1712 102 5504 . . 88 . Impact . | . . . . . . . . . . . . . . . . . . . . . . . . . . . . . . . Slashing . | . . . . . . . . . . . . . . . . . . . . . . . . . . . . . . . Piercing . | . . . . . . . . . . . . . . . . . . . . . . . . . . . . . . . Highest Corruption 26 | . . . . . . 4 . . . . 3 . 2 . 1 1 1 . 12 . . 2 4 2 2 22 22 22 23 26 Average Corruption 4 | . . . . . . 3 . . . . 1 . 1 . 1 1 1 . 9 . . 1 3 1 2 4 22 22 22 24 Corruption Purged 11 | . . . . . . . . . . . 3 . 3 . 1 2 1 . . . . 1 . . . . . . . . Corruption Blocked . | . . . . . . . . . . . . . . . . . . . . . . . . . . . . . . . Effects 309 | . . . . . . 41 . . . . 14 . 6 . 2 2 . . . . . 23 106 23 8 43 10 15 14 2 Message Errors 67 | . . . . . . 5 . . . . 1 . 2 . . . . . . . . 3 28 5 3 10 1 4 4 1 Matter Fused 76 | . . . . . . 7 . . . . 6 . 2 . . 1 . . . . . 13 19 7 . 7 5 4 4 1 Heat Flow Errors 46 | . . . . . . 8 . . . . 3 . . . . . . . . . . 2 20 . 1 7 2 1 2 . Energy Discharges 39 | . . . . . . 11 . . . . 2 . . . 2 . . . . . . 2 12 2 3 2 1 2 . . Parts Rejected 1 | . . . . . . . . . . . . . . . . . . . . . . . 1 . . . . . . . Data Loss (minor) 40 | . . . . . . 4 . . . . . . 2 . . 1 . . . . . 1 19 3 1 5 1 1 2 . Data Loss (major) 11 | . . . . . . 4 . . . . . . . . . . . . . . . . 2 1 . 2 . 1 1 . Misfires 11 | . . . . . . 1 . . . . 2 . . . . . . . . . . 1 3 2 . 1 . . 1 . Alerts 4 | . . . . . . 1 . . . . . . . . . . . . . . . 1 1 . . 1 . . . . Misdirections 7 | . . . . . . . . . . . . . . . . . . . . . . . . . . 5 . 2 . . Weapon Failures 7 | . . . . . . . . . . . . . . . . . . . . . . . 1 3 . 3 . . . . Overload Shots 5 | . . . . . . . . . . . . . 1 . . . . . . 3 . . . 1 . . . . . . Overflow Damage 1530 | . . 5 18 5 . 17 31 13 . 20 146 24 63 6 142 28 21 . 92 131 . 189 . 168 2 409 . . . . Projectiles 826 | . . . 18 5 . 17 31 . . 6 92 24 63 6 123 23 4 . . 39 . 93 . 114 2 166 . . . . Explosions 681 | . . . . . . . . 13 . 14 54 . . . 19 5 17 . 92 92 . 78 . 54 . 243 . . . . Melee 23 | . . 5 . . . . . . . . . . . . . . . . . . . 18 . . . . . . . . Knockbacks 8 | . . . 2 . . . 1 . . . . . . . . . . . . 2 . 2 1 . . . . . . . Impact 8 | . . . 2 . . . 1 . . . . . . . . . . . . 2 . 2 1 . . . . . . . Kinetic . | . . . . . . . . . . . . . . . . . . . . . . . . . . . . . . . Secondary . | . . . . . . . . . . . . . . . . . . . . . . . . . . . . . . . Self-Inflicted Damage 816 | . . . . . . . 23 . . . 90 . 7 . 37 128 74 . . 23 . 155 30 100 . 149 . . . . Shots 30 | . . . . . . . 1 . . . 2 . 1 . 1 5 7 . . 1 . 2 1 2 . 7 . . . . Rammed 171 | . 10 12 8 5 4 8 3 . 5 . 1 . 1 . 1 . . . . 18 . 10 22 2 . 1 . . 60 . Targets Rammed 228 | . 53 14 11 5 6 8 4 . 6 . 1 . 1 . 1 . . . . 19 . 10 26 2 . 1 . . 60 . Kicked 42 | . 42 . . . . . . . . . . . . . . . . . . . . . . . . . . . . . Crushed 15 | . 1 2 3 . 2 . 1 . 1 . . . . . . . . . . 1 . . 4 . . . . . . . Highest Temperature 275 | . 243 9 275 132 166 232 181 189 37 67 260 186 204 236 266 134 174 . 176 240 203 263 241 174 104 258 102 237 117 . Average Temperature 60 | . 54 5 36 39 31 65 44 48 11 11 71 101 60 50 68 51 59 . 76 74 81 86 84 44 46 54 49 137 74 . Received Heat Transfer 4851 | . 138 33 339 . 60 12 496 225 558 189 231 . 183 123 210 36 63 . 12 168 . 999 285 107 . 210 165 . 9 . Effects 1 | . . . . . . . . . . . . . . . . . . . . . . 1 . . . . . . . . Interference 1 | . . . . . . . . . . . . . . . . . . . . . . 1 . . . . . . . . Siege Activations 11 | . . . . . . . . . . . . . . . . . . . . . . 6 2 . . 3 . . . . Total Turns 243 | . . . . . . . . . . . . . . . . . . . . . . 137 15 . . 91 . . . . Longest Duration 79 | . . . . . . . . . . . . . . . . . . . . . . 47 10 . . 79 . . . . Robots Corrupted 96 | . 1 1 2 . . . . 1 . 1 7 1 5 3 8 1 5 . . 15 . 22 . 4 1 17 . . 1 . Combat Hostiles 80 | . 1 1 2 . . . . 1 . 1 6 1 5 3 5 1 5 . . 11 . 20 . 2 1 13 . . 1 . Parts Fried 243 | . 6 2 5 . . . 2 3 . 7 33 . 11 5 24 4 4 . 1 25 . 46 6 19 1 38 . . 1 . Impact Corruptions 3 | . . 1 . . . . . . . . . . . . . . . . . 1 . 1 . . . . . . . . Robots Melted 9 | . . . . . 1 . 3 . . . . . 2 . . . . . . . . . 1 2 . . . . . . Combat Hostiles 5 | . . . . . . . 1 . . . . . 2 . . . . . . . . . 1 1 . . . . . . Parts Melted 59 | . . . 8 . 1 1 10 . . . 3 . 9 . 2 . . . . 3 1 1 3 11 . 6 . . . . Heat Transferred 25170 | . 250 . 2263 740 400 333 3478 100 . . 1509 666 938 570 1579 100 200 . 50 1534 4255 1355 659 1659 850 1682 . . . . Parts Sabotaged 7 | . . . . . . . . . . . . . . . . . . . . . . 7 . . . . . . . . Parts Stolen . | . . . . . . . . . . . . . . . . . . . . . . . . . . . . . . . Parts Stripped . | . . . . . . . . . . . . . . . . . . . . . . . . . . . . . . . Power Chain Reactions 64 | . 3 . 6 . . . 1 1 . . 9 . . 3 14 1 1 . 1 4 . 7 1 1 . 11 . . . . Missiles Intercepted . | . . . . . . . . . . . . . . . . . . . . . . . . . . . . . . . Alert | -11 -10 -10 -9 -9 -9 -8 -8 -8 -8 -8 -7 -7 -7 -7 -7 -7 -7 -7 -6 -6 -6 -6 -6 -5 -5 -5 -5 -5 -5 -4 ------- Run | Scr Mat Min Mat Min Exi Min Mat Gar Mat Gar Fac Was Fac Gar Fac Low Low Dat Pro Fac Was Fac Gar Fac Was Fac Upp Upp Zhi Pro Peak Influence 2745 | . 469 264 500 429 . 128 690 1061 926 1233 1544 540 822 1027 1427 . . . . 547 185 1639 1607 932 241 2745 . . . . Initial 1137 | . . 164 . 114 . . . 448 516 550 646 540 . 575 539 . . . . . 185 . 1137 843 237 . . . . . Average 624 | . 214 57 293 264 . 28 308 889 703 948 970 273 489 853 934 . . . . 208 52 585 1362 661 136 1114 . . . . Maximum Alert Level 5 | . 2 1 2 2 . . 2 3 3 4 4 2 3 3 4 . . . . 2 . 5 5 3 1 5 . . . . Low Security (%) 24 | . 53 83 15 33 . 100 38 . . . . 52 9 . . . . . . 57 100 23 . . 51 17 . . . . Level 1 13 | . 21 16 71 54 . . 23 . 1 . . 23 11 . . . . . . 20 . 20 . . 48 5 . . . . Level 2 20 | . 24 . 12 12 . . 37 17 55 18 18 23 57 21 19 . . . . 21 . 19 . 72 . 3 . . . . Level 3 26 | . . . . . . . . 82 42 59 52 . 21 78 64 . . . . . . 26 . 27 . 26 . . . . Level 4 12 | . . . . . . . . . . 21 28 . . . 16 . . . . . . 5 84 . . 20 . . . . Level 5 1 | . . . . . . . . . . . . . . . . . . . . . . 3 15 . . . . . . . High Security . | . . . . . . . . . . . . . . . . . . . . . . . . . . 26 . . . . Max Security . | . . . . . . . . . . . . . . . . . . . . . . . . . . . . . . . Squads Dispatched 132 | . 11 . 8 . . . 12 . 9 . 10 . 9 . 15 . 1 . . 8 . 22 . 4 . 22 . 1 . . Investigation 24 | . 8 . 5 . . . 4 . 3 . . . 1 . 1 . . . . . . 2 . . . . . . . . Extermination 25 | . . . . . . . . . . . 3 . 2 . 6 . . . . 3 . 6 . 2 . 3 . . . . Reinforcement 37 | . 3 . 3 . . . 3 . 2 . 3 . 5 . 3 . . . . 5 . 6 . 1 . 3 . . . . Assault 37 | . . . . . . . 1 . 3 . 3 . 1 . 5 . 1 . . . . 5 . 1 . 16 . 1 . . Garrison 9 | . . . . . . . 4 . 1 . 1 . . . . . . . . . . 3 . . . . . . . . Intercept . | . . . . . . . . . . . . . . . . . . . . . . . . . . . . . . . Searches Triggered . | . . . . . . . . . . . . . . . . . . . . . . . . . . . . . . . Data Miner Redirects 5 | . . . . . . . . . . . . . . . . . . . . . . 3 . 1 . 1 . . . . Construction Impeded 3 | . . . . . . . . . . . 1 . 1 . . . . . . 1 . . . . . . . . . . Haulers Reinforced 12 | . . . . . . . . . . . . . 1 . 2 . . . . 3 . 4 . 1 . 1 . . . . Active Scanning Responses . | . . . . . . . . . . . . . . . . . . . . . . . . . . . . . . . Cargo Convoy Interrupts 2 | . . . . . . . . . . . 1 . . . . . . . . . . . . . . 1 . . . . Alert ID Control Effect 11 | . . . . . . . . . . . . . . 2 . . . . . . . . 7 1 . 1 . . . . Stealth | -11 -10 -10 -9 -9 -9 -8 -8 -8 -8 -8 -7 -7 -7 -7 -7 -7 -7 -7 -6 -6 -6 -6 -6 -5 -5 -5 -5 -5 -5 -4 --------- Run | Scr Mat Min Mat Min Exi Min Mat Gar Mat Gar Fac Was Fac Gar Fac Low Low Dat Pro Fac Was Fac Gar Fac Was Fac Upp Upp Zhi Pro Distress Signals 15 | . 1 1 3 . . . 3 . 3 . . . . . . . . . . . . 1 . . . 3 . . . . Communications Jammed 151 | . . . . . . . . . . . . . . . 85 . . . . 25 . 31 . 2 . 8 . . . . Distress Signals 148 | . . . . . . . . . . . . . . . 83 . . . . 24 . 31 . 2 . 8 . . . . Times Spotted 897 | . 36 4 47 10 22 11 51 25 54 23 65 . 43 32 57 13 22 . 8 35 6 104 37 24 . 135 16 9 4 4 Peak Tracking Total 16 | . 7 2 4 3 9 2 5 5 5 5 10 . 7 5 6 9 9 . 4 3 1 8 9 4 . 16 10 9 3 4 Tactical Retreats 39 | . . . . 2 3 3 2 3 2 1 1 . 4 3 1 . . . . . . 2 1 . . 4 5 2 . . Traps | -11 -10 -10 -9 -9 -9 -8 -8 -8 -8 -8 -7 -7 -7 -7 -7 -7 -7 -7 -6 -6 -6 -6 -6 -5 -5 -5 -5 -5 -5 -4 ------- Run | Scr Mat Min Mat Min Exi Min Mat Gar Mat Gar Fac Was Fac Gar Fac Low Low Dat Pro Fac Was Fac Gar Fac Was Fac Upp Upp Zhi Pro Traps Triggered 56 | . 6 . 2 . . . 1 3 1 8 3 . 3 9 3 . . . . 4 . 4 5 1 . 3 . . . . Indirectly 5 | . . . . . . . . . . . 2 . 2 . . . . . . . . . . . . 1 . . . . Trap Hack Attempts 16 | . . . 16 . . . . . . . . . . . . . . . . . . . . . . . . . . . Triggered . | . . . . . . . . . . . . . . . . . . . . . . . . . . . . . . . Disarmed 4 | . . . 4 . . . . . . . . . . . . . . . . . . . . . . . . . . . Reprogrammed . | . . . . . . . . . . . . . . . . . . . . . . . . . . . . . . . Reused . | . . . . . . . . . . . . . . . . . . . . . . . . . . . . . . . Traps Extracted . | . . . . . . . . . . . . . . . . . . . . . . . . . . . . . . . Installed . | . . . . . . . . . . . . . . . . . . . . . . . . . . . . . . . Triggered 5 | . . . . . . . . . . . 2 . . . 1 1 . . . . . . . . . 1 . . . . Exploded 3 | . . . . . 2 . 1 . . . . . . . . . . . . . . . . . . . . . . . Machines | -11 -10 -10 -9 -9 -9 -8 -8 -8 -8 -8 -7 -7 -7 -7 -7 -7 -7 -7 -6 -6 -6 -6 -6 -5 -5 -5 -5 -5 -5 -4 ---------- Run | Scr Mat Min Mat Min Exi Min Mat Gar Mat Gar Fac Was Fac Gar Fac Low Low Dat Pro Fac Was Fac Gar Fac Was Fac Upp Upp Zhi Pro Machines Disabled 109 | . 3 . 5 12 12 4 5 2 3 5 6 . 5 5 12 . . . . 5 . 14 5 3 . 2 . . 1 . Max in Single Turn 10 | . 2 . 1 10 2 2 1 1 1 1 1 . 2 1 3 . . . . 4 . 2 1 1 . 1 . . 1 . Garrison Access 8 | . . . . . . . . . . . . . 1 . 1 . . . . 3 . 1 . 2 . . . . . . Garrison Relay 12 | . . . . . . . . 2 . 4 . . . 2 . . . . . . . . 4 . . . . . . . Machines Sabotaged 1 | . 1 . . . . . . . . . . . . . . . . . . . . . . . . . . . . . Garrisons Compromised 1 | . . . . . . . . . . . 1 . . . . . . . . . . . . . . . . . . . Overloaded Fab Kills . | . . . . . . . . . . . . . . . . . . . . . . . . . . . . . . . Hacking | -11 -10 -10 -9 -9 -9 -8 -8 -8 -8 -8 -7 -7 -7 -7 -7 -7 -7 -7 -6 -6 -6 -6 -6 -5 -5 -5 -5 -5 -5 -4 --------- Run | Scr Mat Min Mat Min Exi Min Mat Gar Mat Gar Fac Was Fac Gar Fac Low Low Dat Pro Fac Was Fac Gar Fac Was Fac Upp Upp Zhi Pro Machines Accessed 108 | . 7 2 13 . 2 . 7 . 8 . 2 . 7 . 10 . . 3 . 11 . 22 . 4 . 5 . 1 4 . Terminals 61 | . 5 1 9 . . . 4 . 6 . 2 . 3 . 5 . . . . 5 . 15 . 2 . 4 . . . . Fabricators 8 | . . . . . . . . . . . . . 1 . 2 . . . . 1 . 3 . . . 1 . . . . Repair Stations 8 | . 1 . 2 . . . . . . . . . 1 . 1 . . . . 1 . 2 . . . . . . . . Recycling Units 9 | . 1 . 2 . . . 2 . 1 . . . . . 2 . . . . 1 . . . . . . . . . . Scanalyzers . | . . . . . . . . . . . . . . . . . . . . . . . . . . . . . . . Garrison Access 11 | . . . . . . . 1 . 1 . . . 2 . . . . . . 3 . 2 . 2 . . . . . . Total Hacks 302 | . 27 4 33 . 2 . 16 . 24 . 3 . 20 . 27 . . 27 . 26 . 56 . 7 . 11 . 2 17 . Successful 179 | . 14 2 21 . 2 . 8 . 10 . . . 13 . 10 . . 27 . 14 . 29 . 5 . 5 . 2 17 . Failed 121 | . 12 2 11 . . . 8 . 14 . 3 . 7 . 17 . . . . 12 . 27 . 2 . 6 . . . . Catastrophic 22 | . 1 . 2 . . . 2 . 3 . 1 . . . 2 . . . . 3 . 6 . . . 2 . . . . Database Lockouts 2 | . 1 . 1 . . . . . . . . . . . . . . . . . . . . . . . . . . . Manual 126 | . 13 3 23 . 1 . 13 . 18 . . . 8 . 12 . . . . 10 . 23 . . . 2 . . . . Terminals 172 | . 19 3 27 . . . 12 . 20 . 3 . 9 . 13 . . . . 10 . 42 . 5 . 9 . . . . Fabricators 21 | . . . . . . . . . . . . . 4 . 5 . . . . 2 . 8 . . . 2 . . . . Repair Stations 27 | . 7 . 4 . . . . . . . . . 4 . 2 . . . . 7 . 3 . . . . . . . . Recycling Units 15 | . 1 . 2 . . . 2 . 1 . . . . . 7 . . . . 2 . . . . . . . . . . Scanalyzers . | . . . . . . . . . . . . . . . . . . . . . . . . . . . . . . . Garrison Access 18 | . . . . . . . 2 . 3 . . . 3 . . . . . . 5 . 3 . 2 . . . . . . Terminal Hacks 103 | . 3 2 12 . 2 . 1 . 4 . . . 4 . 3 . . 27 . 3 . 16 . 3 . 4 . 2 17 . Record 14 | . . . . . 1 . . . . . . . . . . . . 6 . . . . . . . . . 2 5 . Part Schematic 17 | . . . 1 . . . . . . . . . . . . . . 11 . . . 1 . . . . . . 4 . Robot Schematic 7 | . . . . . . . . . . . . . . . . . . 7 . . . . . . . . . . . . Robot Analysis 7 | . 1 . 2 . . . . . . . . . . . . . . . . . . . . . . . . . 4 . Prototype ID Bank 22 | . 2 1 4 . . . . . . . . . 2 . . . . 3 . 1 . 4 . 1 . . . . 4 . Open Door 1 | . . 1 . . . . . . . . . . . . . . . . . . . . . . . . . . . . Branch Access Points 2 | . . . . . . . . . . . . . . . 1 . . . . . . . . . . 1 . . . . Emergency Access Points 1 | . . . . . . . . . . . . . . . . . . . . . . 1 . . . . . . . . Terminal Index 1 | . . . . . . . . . . . . . . . . . . . . . . 1 . . . . . . . . Repair Station Index 1 | . . . . . . . . . . . . . . . . . . . . . . 1 . . . . . . . . Alert Level 1 | . . . 1 . . . . . . . . . . . . . . . . . . . . . . . . . . . Unreport Threat 12 | . . . 3 . . . 1 . 2 . . . . . 2 . . . . . . 1 . 1 . 2 . . . . Locate Traps 7 | . . . 1 . . . . . 1 . . . 1 . . . . . . 1 . 3 . . . . . . . . Recall Investigation 1 | . . . . . . . . . . . . . . . . . . . . . . 1 . . . . . . . . Hauler Manifests 2 | . . . . . . . . . . . . . 1 . . . . . . . . . . 1 . . . . . . Zone Layout 6 | . . . . . . . . . 1 . . . . . . . . . . 1 . 3 . . . 1 . . . . EX-Prototype ID Bank 1 | . . . . . 1 . . . . . . . . . . . . . . . . . . . . . . . . . Fabricator Hacks 6 | . . . . . . . . . . . . . 1 . 1 . . . . . . 3 . . . 1 . . . . Network Status 4 | . . . . . . . . . . . . . 1 . 1 . . . . . . 1 . . . 1 . . . . Load Schematic 1 | . . . . . . . . . . . . . . . . . . . . . . 1 . . . . . . . . Build 1 | . . . . . . . . . . . . . . . . . . . . . . 1 . . . . . . . . Repair Station Hacks 16 | . 6 . 4 . . . . . . . . . 2 . . . . . . 3 . 1 . . . . . . . . Scan Component 9 | . 3 . 2 . . . . . . . . . 1 . . . . . . 2 . 1 . . . . . . . . Repair 7 | . 3 . 2 . . . . . . . . . 1 . . . . . . 1 . . . . . . . . . . Recycling Unit Hacks 2 | . . . . . . . . . . . . . . . 2 . . . . . . . . . . . . . . . Retrieve Components 2 | . . . . . . . . . . . . . . . 2 . . . . . . . . . . . . . . . Scanalyzer . | . . . . . . . . . . . . . . . . . . . . . . . . . . . . . . . Garrison Access Hacks 12 | . . . . . . . 1 . 1 . . . 2 . . . . . . 4 . 2 . 2 . . . . . . Unlock Access 4 | . . . . . . . 1 . 1 . . . 1 . . . . . . . . 1 . . . . . . . . Seal Access 7 | . . . . . . . . . . . . . 1 . . . . . . 3 . 1 . 2 . . . . . . Coupler Status 1 | . . . . . . . . . . . . . . . . . . . . 1 . . . . . . . . . . Unauthorized Hacks 40 | . 5 . 5 . . . 6 . 5 . . . 4 . 4 . . . . 4 . 7 . . . . . . . . Terminals 20 | . 4 . 3 . . . 3 . 3 . . . 1 . 2 . . . . 1 . 3 . . . . . . . . Track 4 | . . . . . . . . . 1 . . . . . 2 . . . . 1 . . . . . . . . . . Botnet 11 | . 2 . 2 . . . 2 . 2 . . . 1 . . . . . . . . 2 . . . . . . . . Operators 3 | . . . 1 . . . 1 . . . . . . . . . . . . . . 1 . . . . . . . . Sabotage 2 | . 2 . . . . . . . . . . . . . . . . . . . . . . . . . . . . . Fabricators 6 | . . . . . . . . . . . . . 2 . 1 . . . . 1 . 2 . . . . . . . . Report 1 | . . . . . . . . . . . . . 1 . . . . . . . . . . . . . . . . . Prioritize 1 | . . . . . . . . . . . . . . . . . . . . . . 1 . . . . . . . . Haulers 4 | . . . . . . . . . . . . . 1 . 1 . . . . 1 . 1 . . . . . . . . Repair Stations 1 | . . . . . . . . . . . . . . . . . . . . . . 1 . . . . . . . . Mechanics 1 | . . . . . . . . . . . . . . . . . . . . . . 1 . . . . . . . . Recycling Units 8 | . 1 . 2 . . . 2 . 1 . . . . . 1 . . . . 1 . . . . . . . . . . Reject 1 | . . . . . . . . . . . . . . . . . . . . 1 . . . . . . . . . . Mask 1 | . . . . . . . . . . . . . . . 1 . . . . . . . . . . . . . . . Tunnel 6 | . 1 . 2 . . . 2 . 1 . . . . . . . . . . . . . . . . . . . . . Scanalyzers . | . . . . . . . . . . . . . . . . . . . . . . . . . . . . . . . Garrison Access 5 | . . . . . . . 1 . 1 . . . 1 . . . . . . 1 . 1 . . . . . . . . Restock 2 | . . . . . . . 1 . . . . . . . . . . . . 1 . . . . . . . . . . Reprogram 2 | . . . . . . . . . 1 . . . 1 . . . . . . . . . . . . . . . . . Eject 1 | . . . . . . . . . . . . . . . . . . . . . . 1 . . . . . . . . Data Cores Recovered 4 | . . . . . . . . . . . . . 1 . 1 . . . . . . 1 . . . 1 . . . . Used 2 | . . . . . . . . . . . . . . . 1 . . . . . . . . . . 1 . . . . Hacking Detections 80 | . 6 1 10 . . . 5 . 7 . 2 . 4 . 9 . . . . 9 . 21 . 2 . 4 . . . . Full Trace Events 9 | . 4 1 1 . . . 1 . . . . . . . 1 . . . . . . 1 . . . . . . . . Feedback Events . | . . . . . . . . . . . . . . . . . . . . . . . . . . . . . . . Feedback Blocked . | . . . . . . . . . . . . . . . . . . . . . . . . . . . . . . . Robot Schematics Acquired 7 | . . . . . . . . . . . . . . . . . . 7 . . . . . . . . . . . . Robots Built . | . . . . . . . . . . . . . . . . . . . . . . . . . . . . . . . Authchips . | . . . . . . . . . . . . . . . . . . . . . . . . . . . . . . . Time . | . . . . . . . . . . . . . . . . . . . . . . . . . . . . . . . Total Robot Build Rating . | . . . . . . . . . . . . . . . . . . . . . . . . . . . . . . . Part Schematics Acquired 17 | . . . 1 . . . . . . . . . . . . . . 11 . . . 1 . . . . . . 4 . Parts Built 1 | . . . . . . . . . . . . . . . . . . . . . . 1 . . . . . . . . Authchips . | . . . . . . . . . . . . . . . . . . . . . . . . . . . . . . . Time 76 | . . . . . . . . . . . . . . . . . . . . . . 76 . . . . . . . . Total Part Build Rating 5 | . . . . . . . . . . . . . . . . . . . . . . 5 . . . . . . . . Parts Repaired 7 | . 3 . 2 . . . . . . . . . 1 . . . . . . 1 . . . . . . . . . . Time 235 | . 84 . 51 . . . . . . . . . 62 . . . . . . 38 . . . . . . . . . . Parts Recycled . | . . . . . . . . . . . . . . . . . . . . . . . . . . . . . . . Recycled Matter . | . . . . . . . . . . . . . . . . . . . . . . . . . . . . . . . Retrieved Matter . | . . . . . . . . . . . . . . . . . . . . . . . . . . . . . . . Retrieved Components 10 | . . . . . . . . . . . . . . . 10 . . . . . . . . . . . . . . . Parts Scanalyzed . | . . . . . . . . . . . . . . . . . . . . . . . . . . . . . . . Part Schematics Acquired . | . . . . . . . . . . . . . . . . . . . . . . . . . . . . . . . Parts Damaged . | . . . . . . . . . . . . . . . . . . . . . . . . . . . . . . . Bothacking | -11 -10 -10 -9 -9 -9 -8 -8 -8 -8 -8 -7 -7 -7 -7 -7 -7 -7 -7 -6 -6 -6 -6 -6 -5 -5 -5 -5 -5 -5 -4 ------------ Run | Scr Mat Min Mat Min Exi Min Mat Gar Mat Gar Fac Was Fac Gar Fac Low Low Dat Pro Fac Was Fac Gar Fac Was Fac Upp Upp Zhi Pro Used RIF Installer 4 | . . . . . . . . 1 . 1 . . . 1 . . . . . . . . 1 . . . . . . . Watcher Feeds 1 | . . . . . . . . . . . . . . 1 . . . . . . . . . . . . . . . . Alert ID Control 1 | . . . . . . . . . . 1 . . . . . . . . . . . . . . . . . . . . Autooverride 1 | . . . . . . . . . . . . . . . . . . . . . . . 1 . . . . . . . Robots Hacked 63 | . . . . . 4 . . 9 . 3 1 . 2 10 1 . 1 1 . 1 4 . 12 5 . 6 . . 3 . Non-combat 10 | . . . . . 3 . . . . . 1 . 2 . 1 . 1 . . 1 . . . 1 . . . . . . Combat 53 | . . . . . 1 . . 9 . 3 . . . 10 . . . 1 . . 4 . 12 4 . 6 . . 3 . Autooverrided 5 | . . . . . . . . . . . . . . . . . . . . . . . 1 1 . 3 . . . . Robot Hacks Applied 60 | . . . . . 4 . . 9 . 3 1 . 2 10 1 . 1 1 . 1 4 . 11 4 . 5 . . 3 . parse_system 9 | . . . . . 4 . . . . . . . . . . . . 1 . . . . . . . 1 . . 3 . find_chute 3 | . . . . . . . . . . . 1 . . . . . . . . 1 . . . 1 . . . . . . drop_inventory 1 | . . . . . . . . . . . . . 1 . . . . . . . . . . . . . . . . . ignore_targets 4 | . . . . . . . . . . . . . . . . . . . . . 4 . . . . . . . . . find_garrison 1 | . . . . . . . . . . . . . . . . . . . . . . . . . . 1 . . . . scatter_targeting 2 | . . . . . . . . . . 1 . . . . . . . . . . . . 1 . . . . . . . spike_heat 1 | . . . . . . . . 1 . . . . . . . . . . . . . . . . . . . . . . amplify_resonance 1 | . . . . . . . . . . 1 . . . . . . . . . . . . . . . . . . . . reboot_system 3 | . . . . . . . . 2 . . . . . 1 . . . . . . . . . . . . . . . . overwrite_iff 20 | . . . . . . . . 2 . . . . . 4 . . . . . . . . 8 3 . 3 . . . . formatsys_low 3 | . . . . . . . . . . . . . 1 . 1 . 1 . . . . . . . . . . . . . formatsys_high 12 | . . . . . . . . 4 . 1 . . . 5 . . . . . . . . 2 . . . . . . . Relay Couplers Released 72 | . . . . . . . 3 7 . 16 . . 4 10 2 . . . . 6 . 6 15 3 . . . . . . Ejected 4 | . . . . . . . . . . . . . . . . . . . . . . 4 . . . . . . . . Machine Destruction 58 | . . . . . . . . 7 . 16 . . . 10 2 . . . . 3 . 2 15 3 . . . . . . Programmers 10 | . . . . . . . 3 . . . . . 4 . . . . . . 3 . . . . . . . . . . Attached 19 | . . . . . . . . 4 . 1 . . 1 5 1 . . . . . . . 6 . . 1 . . . . Fabnet Peak Effective % . | . . . . . . . . . . . . . . . . . . . . . . . . . . . . . . . Robots Rewired 13 | . . . . . . . . . . . . . . . . 2 2 . . . 1 . 8 . . . . . . . Allies Hacked 3 | . . . . . . . . . . . . . . . . . . . . . . . . . . 3 . . . . Hacks Repelled . | . . . . . . . . . . . . . . . . . . . . . . . . . . . . . . . Allies | -11 -10 -10 -9 -9 -9 -8 -8 -8 -8 -8 -7 -7 -7 -7 -7 -7 -7 -7 -6 -6 -6 -6 -6 -5 -5 -5 -5 -5 -5 -4 -------- Run | Scr Mat Min Mat Min Exi Min Mat Gar Mat Gar Fac Was Fac Gar Fac Low Low Dat Pro Fac Was Fac Gar Fac Was Fac Upp Upp Zhi Pro Total Allies 127 | . . 3 . 3 . . . 6 1 1 . 20 7 9 1 3 3 . 1 . 20 . 19 4 20 6 . . . . Largest Group 20 | . . 3 2 3 3 2 . 2 2 1 . 20 18 4 4 4 2 2 3 3 19 17 7 5 20 17 . . . . Highest-Rated Group 815 | . . 76 45 40 40 32 . 32 32 16 . 531 461 105 107 186 49 49 145 145 702 602 218 138 815 690 . . . . Highest-Rated Ally 141 | . . 31 31 16 16 16 . 16 27 16 . 35 31 32 32 140 30 26 96 96 141 46 85 47 50 50 . . . . Total Orders 89 | . . . . . 15 . . 2 . 2 . . 1 26 18 1 1 . 1 7 1 . 9 5 . . . . . . STAY 40 | . . . . . 10 . . 1 . 1 . . . 17 7 . . . . 2 1 . 1 . . . . . . . ROAM 5 | . . . . . . . . . . 1 . . . . . . . . . . . . 4 . . . . . . . FOLLOW 21 | . . . . . 5 . . 1 . . . . . 3 6 . . . . 2 . . 4 . . . . . . . AID 18 | . . . . . . . . . . . . . 1 6 5 1 1 . 1 3 . . . . . . . . . . EXPLORE 4 | . . . . . . . . . . . . . . . . . . . . . . . . 4 . . . . . . RETURN 1 | . . . . . . . . . . . . . . . . . . . . . . . . 1 . . . . . . Ally Attacks 844 | . . . 35 . 47 3 . 11 10 8 . 1 162 41 68 12 14 . 13 3 . 116 65 26 . 209 . . . . Total Damage 15826 | . . . 449 . 442 21 . 186 104 90 . 20 2521 565 1698 164 218 . 450 117 . 2232 1720 553 . 4276 . . . . Kills 125 | . . . 12 . 1 . . 3 1 . . 1 25 4 13 2 3 . 1 2 . 13 9 2 . 33 . . . . Allies Corrupted 7 | . . . . . . . . . . . . . . . . 1 . . . . . 1 . . . 5 . . . . Allies Melted 2 | . . . . . . . . . . . . . . 1 . . 1 . . . . . . . . . . . . . Intel | -11 -10 -10 -9 -9 -9 -8 -8 -8 -8 -8 -7 -7 -7 -7 -7 -7 -7 -7 -6 -6 -6 -6 -6 -5 -5 -5 -5 -5 -5 -4 ------- Run | Scr Mat Min Mat Min Exi Min Mat Gar Mat Gar Fac Was Fac Gar Fac Low Low Dat Pro Fac Was Fac Gar Fac Was Fac Upp Upp Zhi Pro Robot Analysis Total 7 | . 1 . 2 . . . . . . . . . . . . . . . . . . . . . . . . . 4 . Derelict Logs Recovered 5 | . . 1 . 2 . . . . . . . . . . . 1 . . . . . . . . . . . 1 . . Drone Launches 4 | . . . . . . . . . . . . . . . . . . . . . . . . 4 . . . . . . Drone Recoveries 2 | . . . . . . . . . . . . . . . . . . . . . . . . 2 . . . . . . Exploration | -11 -10 -10 -9 -9 -9 -8 -8 -8 -8 -8 -7 -7 -7 -7 -7 -7 -7 -7 -6 -6 -6 -6 -6 -5 -5 -5 -5 -5 -5 -4 ------------- Run | Scr Mat Min Mat Min Exi Min Mat Gar Mat Gar Fac Was Fac Gar Fac Low Low Dat Pro Fac Was Fac Gar Fac Was Fac Upp Upp Zhi Pro Turns Passed 65180 | . 2743 2020 3082 1509 2824 1806 2253 2215 1621 4909 1731 1679 2339 3328 4252 1897 2705 247 2228 3656 1496 4025 4634 2335 817 1959 234 267 288 81 Spaces Moved 27727 | 1 1482 864 1349 828 1520 981 723 1024 570 1382 670 579 1220 1452 2217 568 817 77 505 1372 558 1936 1612 848 346 892 422 524 226 162 Core 1484 | . . . . . . . . . . . . 23 . . . . . . . . . . . . . 148 421 524 206 162 Treads 18836 | . 1131 864 1349 828 1520 980 723 1024 570 1382 383 2 1 1 72 568 817 77 505 1372 558 1936 1612 538 . 2 1 . 20 . Legs 353 | 1 351 . . . . 1 . . . . . . . . . . . . . . . . . . . . . . . . Wheels 7054 | . . . . . . . . . . . 287 554 1219 1451 2145 . . . . . . . . 310 346 742 . . . . Hover . | . . . . . . . . . . . . . . . . . . . . . . . . . . . . . . . Flight . | . . . . . . . . . . . . . . . . . . . . . . . . . . . . . . . Fastest Speed 50 | 120 120 160 160 160 160 160 160 160 160 243 145 160 160 160 160 310 233 313 230 232 160 160 160 160 160 50 50 50 50 50 Average Speed 189 | 120 151 214 160 160 164 167 238 179 195 243 207 253 161 160 164 310 306 313 312 233 171 171 234 221 174 154 50 50 68 50 Slowest Speed 2400 | 120 240 240 160 160 240 240 240 240 243 243 243 2400 650 650 397 310 313 313 313 236 236 240 560 290 175 320 160 50 200 50 Overloaded Moves . | . . . . . . . . . . . . . . . . . . . . . . . . . . . . . . . Propulsion Burnouts . | . . . . . . . . . . . . . . . . . . . . . . . . . . . . . . . Robots Hopped . | . . . . . . . . . . . . . . . . . . . . . . . . . . . . . . . Cave-ins Triggered . | . . . . . . . . . . . . . . . . . . . . . . . . . . . . . . . Teleports 1 | . . . . . . . . . . . . . . . . . . . . . . . . . . . . . 1 . Exploration Rate (%) 66 | 2 99 99 97 99 89 97 51 76 54 85 16 96 39 85 38 69 87 70 72 43 95 65 79 23 97 25 57 66 60 34 Regions Visited 30 Branch Regions 12 Pre-discovered Areas 13 | . 1 1 2 1 1 . 2 . 1 . . . . . . . . 1 . . . . . . . . . . 3 . Known Exits Taken 7 | . . . . . . 1 1 . 1 . . . 1 . 1 . . . . . . 1 . . . 1 . . . . Unknown Exits Taken 13 | 1 1 1 1 1 1 . . . . . . . . . . 1 1 1 1 . . . . . . . 1 1 1 . Scrap Searched 16 | . . 2 . 2 . 1 . . . . . . . . . 2 4 . . . . . . . . . 3 1 . 1 Spaces Dug 155 | . . . . . . . . . 24 . 12 . . . . 7 . . 6 12 . 9 5 38 . 42 . . . . Terrain Destroyed 1090 | . 3 . 18 50 . 12 28 9 55 65 64 . 30 15 64 22 30 . 19 62 2 114 59 50 2 317 . . . . Melee . | . . . . . . . . . . . . . . . . . . . . . . . . . . . . . . . Projectile 80 | . . . . 1 . 12 . . . . 1 . 3 . 2 . . . . 3 2 20 . 15 2 19 . . . . AOE 1010 | . 3 . 18 49 . . 28 9 55 65 63 . 27 15 62 22 30 . 19 59 . 94 59 35 . 298 . . . . Terrain Rammed . | . . . . . . . . . . . . . . . . . . . . . . . . . . . . . . . Walls Destroyed . | . . . . . . . . . . . . . . . . . . . . . . . . . . . . . . . Machines Disabled . | . . . . . . . . . . . . . . . . . . . . . . . . . . . . . . . Actions | -11 -10 -10 -9 -9 -9 -8 -8 -8 -8 -8 -7 -7 -7 -7 -7 -7 -7 -7 -6 -6 -6 -6 -6 -5 -5 -5 -5 -5 -5 -4 --------- Run | Scr Mat Min Mat Min Exi Min Mat Gar Mat Gar Fac Was Fac Gar Fac Low Low Dat Pro Fac Was Fac Gar Fac Was Fac Upp Upp Zhi Pro Total 38009 | . 1842 998 2094 962 1752 1090 1107 1334 993 2851 906 774 1527 2360 2676 690 992 82 1139 1689 978 2424 2239 1205 546 1314 442 528 313 162 Wait 6277 | . 173 99 544 101 70 5 163 163 245 1287 68 139 188 707 256 58 105 . 612 118 176 188 299 184 154 161 12 . 2 . Move 27700 | . 1481 863 1348 827 1519 980 722 1023 569 1381 670 578 1219 1451 2216 567 816 76 504 1372 557 1935 1611 848 345 891 421 523 225 162 Hop . | . . . . . . . . . . . . . . . . . . . . . . . . . . . . . . . Pick Up 303 | . 14 8 17 1 25 8 19 14 7 30 16 6 11 19 10 . 2 . 3 14 5 22 28 9 3 10 1 . 1 . Fast Attach 141 | . 19 . 4 1 . 8 11 3 5 1 4 6 2 . 4 . . . 1 1 5 9 6 10 5 24 5 2 5 . Attach 103 | . . . 9 1 12 6 3 4 2 6 8 1 1 5 . . 5 . . 5 2 7 13 3 . 6 . . 4 . Detach 36 | . 3 . 2 . 7 2 3 2 1 2 3 . . 3 . . . . . . 1 2 2 . . 1 . . 2 . Swap 612 | . 9 2 30 2 11 8 17 28 26 28 45 10 27 18 48 10 12 4 9 47 17 79 34 30 5 55 . 1 . . Drop 394 | . 16 3 22 1 24 11 34 15 15 29 15 15 16 13 15 . . . . 15 17 30 17 20 11 32 3 2 3 . Fire 1925 | . 74 9 91 23 74 54 131 77 117 71 76 19 60 94 103 10 27 2 10 97 195 142 105 99 23 131 . . 11 . Melee 4 | . . . . . 4 . . . . . . . . . . . . . . . . . . . . . . . . . Ram . | . . . . . . . . . . . . . . . . . . . . . . . . . . . . . . . Kick 42 | . 42 . . . . . . . . . . . . . . . . . . . . . . . . . . . . . Crush 186 | . 11 14 11 5 6 8 4 . 6 . 1 . 1 . 1 . . . . 19 . 10 26 2 . 1 . . 60 . Escape Stasis 103 | . . . . . . . . 2 . 16 . . 2 49 22 . . . . . . . 10 . . 2 . . . . Rewire 167 | . . . . . . . . 3 . . . . . 1 1 45 25 . . 1 3 . 88 . . . . . . . Trap 16 | . . . 16 . . . . . . . . . . . . . . . . . . . . . . . . . . . Miscellaneous . | . . . . . . . . . . . . . . . . . . . . . . . . . . . . . . . Route ------- -11/Scrapyard -10/Materials (discovered 4 exits: *Mat x3 / *Min) -10/Mines (discovered 2 exits: *Mat x2) -9/Materials (discovered 4 exits: *Mat x3 / [*Min]) -9/Mines (discovered 3 exits: *Mat x2 / *Exi) -9/Exiles -8/Mines (discovered 2 exits: *Mat x2) -8/Materials (discovered 4 exits: *Fac x2 / [*Sto] / Gar) -8/Garrison (discovered 3 exits: *Mat x3) -8/Materials (discovered 4 exits: *Fac / [*Sto x2] / Gar) -8/Garrison (discovered 3 exits: *Fac x3) -7/Factory -7/Waste -7/Factory (discovered 4 exits: *Fac x2 / *Low / Gar) -7/Garrison (discovered 3 exits: *Fac x3) -7/Factory (discovered 2 exits: *Low x2) -7/Lower Caves (discovered 2 exits: [*Low] / *Fac) -7/Lower Caves -7/Data Miner -6/Proximity Caves -6/Factory (discovered 4 exits: *Fac x3 / [*Low]) -6/Waste -6/Factory (discovered 4 exits: *Fac / [*Low x2] / Gar) -6/Garrison (discovered 3 exits: *Fac x3) -5/Factory (discovered 2 exits: [*Fac] / *Upp) -5/Waste -5/Factory (discovered 2 exits: *Upp x2) -5/Upper Caves -5/Upper Caves (discovered 2 exits: [*Fac] / *Zhi) -5/Zhirov -4/Proximity Caves History --------- Turn | Location | Event 1 | -11/Scrapyard | Discovered new exit (range 0) 1 | -11/Scrapyard | Entered Materials 296 | -10/Materials | Destroyed 7 combat bots 302 | -10/Materials | Build established: Mutant 310 | -10/Materials | Discovered new exit (range 5) 1212 | -10/Materials | Discovered new exit (range 15) 1518 | -10/Materials | Discovered new exit (range 7) 1555 | -10/Materials | Central database locked down 1609 | -10/Materials | Discovered new exit (range 15) 2088 | -10/Materials | Repaired Lgt. Treads 2116 | -10/Materials | Repaired Lgt. Treads 2149 | -10/Materials | Repaired Hvy. EM Pulse Gun 2744 | -10/Materials | Entered Mines 2764 | -10/Mines | Met a Derelict bent on vengeance 2860 | -10/Mines | Learned location of Zion (-6) 3007 | -10/Mines | Discovered new exit (range 7) 3201 | -10/Mines | Met a Derelict who couldn't figure out how to use a Trap Extractor 3542 | -10/Mines | Discovered new exit (range 8) 3831 | -10/Mines | Received a Mining Laser from a helpful Derelict 4764 | -10/Mines | Entered Materials 4764 | -9/Materials | Accompanied by 2 allies 4764 | -9/Materials | Evolved 2 slots: Propulsion x1, Utility x1 4769 | -9/Materials | Led the pair of lost Derelicts to an unsafe place 5055 | -9/Materials | Discovered new exit (range 12) 5238 | -9/Materials | Discovered new exit (range 15) 6042 | -9/Materials | Discovered new exit (range 10) 6261 | -9/Materials | Lost 3 parts (1u2w) 6504 | -9/Materials | Discovered new exit (range 16) 6769 | -9/Materials | Repaired Lgt. Treads 7064 | -9/Materials | Build established: Scavenger-Mutant 7523 | -9/Materials | Repaired Imp. Light Armor Plating 7596 | -9/Materials | Central database locked down 7846 | -9/Materials | Entered Mines 7853 | -9/Mines | Received a Rocket Launcher from a helpful Derelict 7985 | -9/Mines | Identified exit to Materials 8015 | -9/Mines | Assembled infested the area 8458 | -9/Mines | Discovered exit to Materials (range 12) 8459 | -9/Mines | Learned location of Storage (-8) 8963 | -9/Mines | Assisted by bots powering up and referring to "LRC-V3" 9058 | -9/Mines | Build established: Mutant 9212 | -9/Mines | Learned Materials security intel 9348 | -9/Mines | Deemed a non-threat by the Exiles lab entrance 9348 | -9/Mines | Discovered new exit (range 5) 9355 | -9/Mines | Entered Exiles 9355 | -9/Exiles | Accompanied by 3 allies 9395 | -9/Exiles | Met 8R-AWN 9422 | -9/Exiles | Met EX-HEX 9474 | -9/Exiles | Met EX-BIN 9533 | -9/Exiles | Met EX-DEC 9653 | -9/Exiles | Discovered new exit (range 10) 10226 | -9/Exiles | Aligned with FarCom system 10228 | -9/Exiles | Given EX-Vault access code 10266 | -9/Exiles | Opened EX-Vault 10310 | -9/Exiles | Warned to stay clear of 0b10 Research branches 10803 | -9/Exiles | Found Firepult 11156 | -9/Exiles | Found AWS/Thermal 11292 | -9/Exiles | Attacked by the Exiles 11445 | -9/Exiles | Destroyed 8R-AWN 11460 | -9/Exiles | Found 8R-AWN's Boregun 11473 | -9/Exiles | Lost 4 parts (3n1w) 11776 | -9/Exiles | Destroyed EX-DEC 11778 | -9/Exiles | Destroyed EX-HEX 11792 | -9/Exiles | Destroyed EX-BIN 12005 | -9/Exiles | Found System Purifier 12179 | -9/Exiles | Entered Mines 12179 | -8/Mines | Accompanied by 2 allies 12191 | -8/Mines | NK-0LA came to Exiles' defense 12205 | -8/Mines | Core integrity fell below 50% 12235 | -8/Mines | Lost 4 parts (1p3u) 12495 | -8/Mines | Build established: Scavenger-Mutant 12728 | -8/Mines | Discovered exit to Materials (range 11) 13044 | -8/Mines | Found Prototype Device 13044 | -8/Mines | Identified Adv. EM Disruption Field 13056 | -8/Mines | Found Prototype Device 13056 | -8/Mines | Identified Thermal Barrier 13286 | -8/Mines | Discovered exit to Materials (range 6) 13985 | -8/Mines | Entered Materials 13985 | -8/Materials | Evolved 2 slots: Utility x2 14519 | -8/Materials | Discovered new exit (range 13) 15149 | -8/Materials | Discovered new exit (range 16) 15368 | -8/Materials | Garrison activated, responded to threat 15614 | -8/Materials | Discovered new exit (range 3) 15985 | -8/Materials | First assault squad dispatched 16164 | -8/Materials | Identified exit to Garrison 16194 | -8/Materials | Garrison activated, responded to threat 16238 | -8/Materials | Entered Garrison 16307 | -8/Garrison | Triggered checkpoint 16479 | -8/Garrison | Discovered new exit (range 11) 16504 | -8/Garrison | Installed Relay Interface Framework 16592 | -8/Garrison | Triggered checkpoint 16635 | -8/Garrison | Garrison Relay disabled 16826 | -8/Garrison | Triggered checkpoint 17074 | -8/Garrison | Triggered checkpoint 17112 | -8/Garrison | Discovered new exit (range 13) 17178 | -8/Garrison | Triggered checkpoint 17350 | -8/Garrison | Garrison Relay disabled 17586 | -8/Garrison | Triggered checkpoint 17750 | -8/Garrison | Discovered new exit (range 13) 18453 | -8/Garrison | Entered Materials 18453 | -8/Materials | Accompanied by 2 allies 18853 | -8/Materials | First assault squad dispatched 18918 | -8/Materials | Garrison activated, responded to threat 19193 | -8/Materials | Discovered new exit (range 10) 19231 | -8/Materials | Discovered new exit (range 16) 19469 | -8/Materials | Build established: Mutant 19760 | -8/Materials | Discovered new exit (range 15) 19768 | -8/Materials | Core integrity fell below 50% 20014 | -8/Materials | Identified exit to Garrison 20074 | -8/Materials | Entered Garrison 20502 | -8/Garrison | Triggered checkpoint 20519 | -8/Garrison | Garrison Relay disabled 20882 | -8/Garrison | Build established: Bothacker-Mutant 20972 | -8/Garrison | Triggered checkpoint 21287 | -8/Garrison | Discovered new exit (range 8) 21418 | -8/Garrison | Triggered checkpoint 21806 | -8/Garrison | Discovered new exit (range 15) 22041 | -8/Garrison | Triggered checkpoint 22077 | -8/Garrison | Garrison Relay disabled 22675 | -8/Garrison | Triggered checkpoint 22814 | -8/Garrison | Discovered new exit (range 15) 22860 | -8/Garrison | Expanded RIF knowledge: Alert ID Control 22954 | -8/Garrison | Triggered checkpoint 23881 | -8/Garrison | Build established: Mutant 23915 | -8/Garrison | Garrison Relay disabled 24371 | -8/Garrison | Triggered checkpoint 24484 | -8/Garrison | Build established: Bothacker-Mutant 24526 | -8/Garrison | Garrison Relay disabled 24983 | -8/Garrison | Entered Factory 24983 | -7/Factory | Evolved 2 slots: Power x1, Utility x1 25251 | -7/Factory | Garrison activated, responded to threat 25383 | -7/Factory | First assault squad dispatched 25730 | -7/Factory | Discovered new exit (range 8) 26405 | -7/Factory | Cargo convoy interrupted 26441 | -7/Factory | Destroyed 10 combat bots 26714 | -7/Factory | Sucked down chute 26714 | -7/Factory | Entered Waste 26715 | -7/Waste | Joined by Warlord forces that had cleared the area 27350 | -7/Waste | A Compactor rumbled back to life 27350 | -7/Waste | Allies destroyed C-40 Crusher 27435 | -7/Waste | Discovered new exit (range 13) 28393 | -7/Waste | Entered Factory 28393 | -7/Factory | Accompanied by 18 allies 28899 | -7/Factory | Build established: Mutant 29232 | -7/Factory | Repaired Adv. Transmission Jammer? 29561 | -7/Factory | Discovered new exit (range 11) 29919 | -7/Factory | Discovered new exit (range 15) 29993 | -7/Factory | First assault squad dispatched 30254 | -7/Factory | Discovered new exit (range 11) 30648 | -7/Factory | Identified exit to Garrison 30732 | -7/Factory | Entered Garrison 30732 | -7/Garrison | Accompanied by 4 allies 31038 | -7/Garrison | Garrison Relay disabled 31431 | -7/Garrison | Triggered checkpoint 31587 | -7/Garrison | Build established: Bothacker-Mutant 31722 | -7/Garrison | Triggered checkpoint 31725 | -7/Garrison | Triggered checkpoint 31738 | -7/Garrison | Triggered checkpoint 32185 | -7/Garrison | Build established: Mutant 32328 | -7/Garrison | Discovered new exit (range 12) 32353 | -7/Garrison | Expanded RIF knowledge: Watcher Feeds 32422 | -7/Garrison | Triggered checkpoint 32483 | -7/Garrison | Garrison Relay disabled 32626 | -7/Garrison | Triggered checkpoint 32790 | -7/Garrison | Build established: Bothacker-Mutant 33001 | -7/Garrison | Discovered new exit (range 9) 33412 | -7/Garrison | Discovered new exit (range 14) 33529 | -7/Garrison | Triggered checkpoint 33613 | -7/Garrison | Triggered checkpoint 34060 | -7/Garrison | Entered Factory 34060 | -7/Factory | Accompanied by 4 allies 34158 | -7/Factory | Build established: Commander-Mutant 34442 | -7/Factory | Identified exit to Lower Caves 35005 | -7/Factory | Core integrity fell below 50% 35287 | -7/Factory | Build established: Mutant 36700 | -7/Factory | Build established: Commander-Mutant 37260 | -7/Factory | First assault squad dispatched 38312 | -7/Factory | Entered Lower Caves 38312 | -7/Lower Caves | Accompanied by 4 allies 38319 | -7/Lower Caves | Attracted the attention of an 0b10 checkpoint 38974 | -7/Lower Caves | Build established: Mutant 39132 | -7/Lower Caves | Encountered a Warlord checkpoint 39551 | -7/Lower Caves | Attracted the attention of an 0b10 outpost 39558 | -7/Lower Caves | Core integrity fell below 20% 39583 | -7/Lower Caves | Learned location of 1 exit from Factory 39584 | -7/Lower Caves | Destroyed 7 combat bots 39680 | -7/Lower Caves | 1C-UTU showed up to help 39682 | -7/Lower Caves | 1C-UTU revealed a hidden path 39723 | -7/Lower Caves | Discovered new exit (range 6) 40209 | -7/Lower Caves | Entered another Lower Caves area 40209 | -7/Lower Caves | Accompanied by 2 allies 41737 | -7/Lower Caves | Discovered new exit (range 16) 42216 | -7/Lower Caves | Attracted the attention of an 0b10 outpost 42251 | -7/Lower Caves | Destroyed 8 combat bots 42256 | -7/Lower Caves | Lost 5 parts (1n2u2w) 42914 | -7/Lower Caves | Entered Data Miner 42914 | -7/Data Miner | Accompanied by 2 allies 42914 | -7/Data Miner | Discovered new exit (range 6) 42974 | -7/Data Miner | Met Data Miner 43048 | -7/Data Miner | Learned location of Section 7 (-3) 43048 | -7/Data Miner | Acquired the access code to Warlord's prototype stash 43089 | -7/Data Miner | Received God Mode back door access code from Data Miner 43161 | -7/Data Miner | Entered Proximity Caves 43161 | -6/Proximity Caves | Accompanied by 2 allies 43163 | -6/Proximity Caves | Attracted the attention of an 0b10 checkpoint 43291 | -6/Proximity Caves | Escorted by Enhanced Grunt 44331 | -6/Proximity Caves | Spotted B-75 Beast 44348 | -6/Proximity Caves | Allies destroyed B-75 Beast 44905 | -6/Proximity Caves | Discovered new exit (range 5) 45000 | -6/Proximity Caves | Received a Behemoth hack from an annoying Tinkerer 45387 | -6/Proximity Caves | System corruption reached 10% 45389 | -6/Proximity Caves | Entered Factory 45389 | -6/Factory | Accompanied by 3 allies 45389 | -6/Factory | Evolved 2 slots: Propulsion x1, Utility x1 45390 | -6/Factory | Identified exit to Factory 45781 | -6/Factory | Build established: Bothacker-Mutant 46088 | -6/Factory | Discovered new exit (range 6) 47104 | -6/Factory | Discovered exit to Factory (range 15) 47744 | -6/Factory | Repaired Adv. Treads 48143 | -6/Factory | Discovered exit to Factory (range 16) 49045 | -6/Factory | Sucked down chute 49045 | -6/Factory | Entered Waste 49060 | -6/Waste | Spotted C-40 Crusher 49071 | -6/Waste | Destroyed C-40 Crusher 49131 | -6/Waste | Spotted C-40 Crusher 49410 | -6/Waste | Destroyed C-40 Crusher 49466 | -6/Waste | Rewired C-40 Crusher 49469 | -6/Waste | Spotted C-40 Crusher 49484 | -6/Waste | Spotted C-40 Crusher 49542 | -6/Waste | Destroyed C-40 Crusher 49588 | -6/Waste | Spotted C-40 Crusher 49999 | -6/Waste | Destroyed C-40 Crusher 50014 | -6/Waste | Destroyed C-40 Crusher 50212 | -6/Waste | Warlord forces began an assault 50508 | -6/Waste | Discovered new exit (range 10) 50541 | -6/Waste | Entered Factory 50541 | -6/Factory | Accompanied by 17 allies 50613 | -6/Factory | Garrison activated, responded to threat 51525 | -6/Factory | Spotted B-75 Beast 51544 | -6/Factory | Destroyed B-75 Beast 51738 | -6/Factory | Destroyed 7 combat bots 51980 | -6/Factory | Build established: Scavenger-Mutant 52162 | -6/Factory | Incoming investigation squad redirected 52222 | -6/Factory | Fabricated Cld. Plasma Cannon? 52514 | -6/Factory | Build established: Bothacker-Mutant 52928 | -6/Factory | Discovered exit to Factory (range 39) 53691 | -6/Factory | First assault squad dispatched 53773 | -6/Factory | Incoming assault squad redirected 54468 | -6/Factory | Discovered new exit (range 13) 54473 | -6/Factory | Found Exp. Targeting Computer 54538 | -6/Factory | Identified exit to Garrison 54557 | -6/Factory | Incoming investigation squad redirected 54559 | -6/Factory | Discovered new exit (range 37) 54566 | -6/Factory | Entered Garrison 54578 | -6/Garrison | Expanded RIF knowledge: Autooverride 55017 | -6/Garrison | Triggered checkpoint 55098 | -6/Garrison | Garrison Relay disabled 55679 | -6/Garrison | Spotted B-75 Beast 55704 | -6/Garrison | Triggered checkpoint 55744 | -6/Garrison | Triggered checkpoint 55791 | -6/Garrison | Destroyed B-75 Beast 55807 | -6/Garrison | Lost 5 parts (5u) 56238 | -6/Garrison | Triggered checkpoint 56280 | -6/Garrison | Discovered exit to Factory (range 14) 56492 | -6/Garrison | Triggered checkpoint 56497 | -6/Garrison | Garrison Relay disabled 56652 | -6/Garrison | Triggered checkpoint 56869 | -6/Garrison | Discovered exit to Factory (range 12) 57352 | -6/Garrison | Triggered checkpoint 57964 | -6/Garrison | Garrison Relay disabled 58191 | -6/Garrison | Discovered exit to Factory (range 13) 58352 | -6/Garrison | Triggered checkpoint 58492 | -6/Garrison | Garrison Relay disabled 59200 | -6/Garrison | Entered Factory 59200 | -5/Factory | Accompanied by 5 allies 59200 | -5/Factory | Evolved 2 slots: Power x1, Utility x1 59800 | -5/Factory | First assault squad dispatched 59809 | -5/Factory | Discovered new exit (range 15) 59817 | -5/Factory | Incoming assault squad redirected 60078 | -5/Factory | Spotted B-75 Beast 60528 | -5/Factory | Discovered new exit (range 21) 61535 | -5/Factory | Sucked down chute 61535 | -5/Factory | Entered Waste 61536 | -5/Waste | Joined by Warlord forces that had cleared the area 62046 | -5/Waste | Discovered new exit (range 15) 62352 | -5/Waste | Entered Factory 62352 | -5/Factory | Accompanied by 17 allies 62710 | -5/Factory | Discovered new exit (range 10) 62890 | -5/Factory | Cargo convoy interrupted 62920 | -5/Factory | Found Prototype Device 62920 | -5/Factory | Identified Exp. Thermal Defense Suite 62951 | -5/Factory | Found Prototype Launcher 62951 | -5/Factory | Identified Enh. Gamma Bomb Array 62968 | -5/Factory | Found Prototype Processor 62969 | -5/Factory | Identified Exp. Terrain Scan Processor 63039 | -5/Factory | Found Enh. Gamma Bomb Array 63242 | -5/Factory | Incoming assault squad redirected 63252 | -5/Factory | First assault squad dispatched 63309 | -5/Factory | Destroyed 7 combat bots 63508 | -5/Factory | Destroyed 8 combat bots 63697 | -5/Factory | Destroyed 10 combat bots 63792 | -5/Factory | High security lockdown imminent 63812 | -5/Factory | Identified exit to Upper Caves 63872 | -5/Factory | High security lockdown engaged 64029 | -5/Factory | Destroyed 13 combat bots 64070 | -5/Factory | System corruption reached 10% 64093 | -5/Factory | Lost 3 parts (1p2u) 64096 | -5/Factory | Destroyed 10 combat bots 64226 | -5/Factory | Released all parts (14) 64244 | -5/Factory | Destroyed 12 combat bots 64303 | -5/Factory | Core integrity fell below 50% 64311 | -5/Factory | Entered Upper Caves 64445 | -5/Upper Caves | Encountered a Warlord checkpoint 64509 | -5/Upper Caves | Build established: Mutant 64535 | -5/Upper Caves | Attracted the attention of an 0b10 checkpoint 64536 | -5/Upper Caves | Discovered new exit (range 15) 64545 | -5/Upper Caves | Entered another Upper Caves area 64545 | -5/Upper Caves | Discovered new exit (range 14) 64549 | -5/Upper Caves | Learned Factory emergency access door positions 64719 | -5/Upper Caves | Core integrity fell below 20% 64759 | -5/Upper Caves | Attracted the attention of an 0b10 outpost 64805 | -5/Upper Caves | Discovered new exit (range 12) 64812 | -5/Upper Caves | Entered Zhirov 64812 | -5/Zhirov | Discovered new exit (range 3) 64822 | -5/Zhirov | Met Zhirov 64837 | -5/Zhirov | Learned location of Testing (-2) 64837 | -5/Zhirov | Learned location of Command (-1) 64843 | -5/Zhirov | Zhirov requested help retrieving the SGEMP Prototype 64851 | -5/Zhirov | Found Alien Artifact 64851 | -5/Zhirov | Identified Integrated Dissipator 64851 | -5/Zhirov | Installed Integrated Dissipator, increased core heat dissipation (+20) 64879 | -5/Zhirov | Found Alien Artifact 65089 | -5/Zhirov | Attacked by Zhirov 65090 | -5/Zhirov | Identified Transdimensional Reconstructor 65090 | -5/Zhirov | Warped through subspace 65100 | -5/Zhirov | Entered Proximity Caves 65139 | -4/Proximity Caves | Build established: Hacker-Mutant 65172 | -4/Proximity Caves | Attracted the attention of an 0b10 checkpoint 65181 | -4/Proximity Caves | Destroyed by P-70 Sage with Tesla Rifle Last Messages --------------- 65090_ Held in stasis. 65090_ Machine disabled. 65090_ Identified Transdimensional Reconstructor. 65090_ Warped through subspace. LOCATION=UNKNOWN GOAL=ESCAPE 65143_ Searching scrap... 65143_ Found Energy Well. 65143_ Found Unknown Impact Weapon. 65143_ Found 11 Matter. 65144_ Com. Wheel destroyed. 65147_ UEX02MRT,R%EWQL>E|JX,HPR |G 65170_ System corrupted: Matter fused (-9). 65172_ Y-64 Sentinel: "INTERCEPTING UNREGISTERED DERELICT." 65172_ Penetrated by Slug. 65177_ Med. Treads destroyed. 65179_ Penetrated by Slug. 65179_ Myomer Leg destroyed. 65180_ V9-2UZ(k) breaks down the debris. 65181_ Penetrated by Slug. Map ----- +----------------------------------------------------+ | ?????????????????????????????????????????????????? | | ?????????????????????????????????????????????????? | | ?????????????????????????????????????????????????? | | ?????????????????????????????????????????????????? | | ##??????????????####???????#######???????????????? | | ##????????????## ##???#### #???????????????? | | ######??###### ##### #????????????????? | | #### ###????????????????? | | ##??????????????????? | | ###???????????????????? | | ## ### ##?????????????????????? | | ### #####?# #??????????????????????? | | ### #????## ##?????????????????????? | | ## #??## #?????????????????????? | | ##### ### #?????????????????????? | | ### #### ######???????????????????? | | ###?# ####?## ####????????????????? | | ???? ###### ##???????????????? | | ???? ## #???????????????? | | ???? ## p ## ##???????????????? | | ???? ## g #?##????????????????? | | ????? ###???????????????????? | | ????? ##?????????????????????? | | ?????# Y ##?????????????????????? | | ??????? s ##????????????????????? | | ??????? # @ #????????????????????? | | ??????? # #???????????????????? | | ?????? ?# #??????????????????? | | #??????##??## ##??????????????????? | | #???????????# ####???????????????????? | | ????????????# ### #??????????????????????? | | ?????????????# ??# #??????????????????????? | | ?????????????## #?? #??????????????????????? | | ??????????????## #??? #??????????????????????? | | ???????????????## ???? ???????????????????????? | | ????????????????# ?????k ???????????????????????? | | ???????????????? ?????% ???????????????????????? | | ?????????????????????? ???????????????????????? | | ?????????????????????? ???????????????????????? | | ?????????????????????? #???????????????????????? | | ??????????????????????? #????????????????????????? | | ?????????????????????????????????????????????????? | | ?????????????????????????????????????????????????? | | ?????????????????????????????????????????????????? | | ?????????????????????????????????????????????????? | | ?????????????????????????????????????????????????? | | ?????????????????????????????????????????????????? | | ?????????????????????????????????????????????????? | | ?????????????????????????????????????????????????? | | ?????????????????????????????????????????????????? | +----------------------------------------------------+ Best States ------------- Heat Dissipation 102 Energy Generation 59 Energy Capacity 1150 Matter Stores 300 Matter Capacity 300 Sight Range 16 Terrain Scan Range 14 Terrain Scan Density 1135 Jamming Range 16 Armor Coverage 450 Resistance: TH 30 Resistance: EM 50 Weapon Shielding 33 Weapon Cycling 25 Evasion (%) 55 Targeting Accuracy 12 Recoil Reduction 4 Offensive Hacking 10 Defensive Hacking 14 Relay Coupler Types 2 Relay Coupler Value 37 Item Schematics ----------------- Huge Storage Unit | -9/Materials | Hacked Combat Drone Bay | -7/Data Miner | Free Lgt. Regenerative Plating | -7/Data Miner | Free Biomechanical Wings | -7/Data Miner | Free Gravity Neutralizer | -7/Data Miner | Free Cld. Plasma Cannon | -7/Data Miner | Free Antigrav System | -7/Data Miner | Free Adv. Shield Generator | -7/Data Miner | Free Wave Gun | -7/Data Miner | Free Adv. Drone Bay | -7/Data Miner | Free Imp. Recalibrator | -7/Data Miner | Free Railgun | -7/Data Miner | Free Proton Cannon | -6/Factory | Hacked Assault Drone Bay | -5/Zhirov | Free Exp. Heat Sink | -5/Zhirov | Free Exp. Optical Array | -5/Zhirov | Free Imp. Arc Thrower | -5/Zhirov | Free Robot Schematics ------------------ A-15 Conveyor | -7/Data Miner | Free Y-54 Guardian | -7/Data Miner | Free M-22 Extractor | -7/Data Miner | Free B-48 Gladiator | -7/Data Miner | Free S-27 Virus | -7/Data Miner | Free E-15 Imp | -7/Data Miner | Free L-41 Fighter | -7/Data Miner | Free Fabricated ------------ Cld. Plasma Cannon | x1 | -6/Factory Alien Tech Used ----------------- Integrated Dissipator Transdimensional Reconstructor Achievements -------------- None Challenges ------------ None Game ------ Seed LegPointyDevice Manual? 0 Play Time 05:33:22 Cumulative 735.6 hours Start 2022.05.21 @ 09:43:11 End 2022.05.21 @ 17:16:00 Sessions 1 Manual Loads 0 Difficulty Rogue Special Mode None Game No. 321 Rogue 320 Adventurer 1 Explorer 0 Win Type - Total 82 Types 24/9/12/3/2/1/29/1/1 Lore% 98 Gallery% 99 Achievement% 90 Wizard Run 0 Options --------- ASCII 1 Keyboard 1 Movement Numpad Keybinds 0 Fullscreen 0 Font 18/Smallcaps Map View 76x50 Tactical HUD 1 Map Filters NONE Filters NONE Steam 1 RUN: 7fe180f7-e126-460d-854c-5b5c7b7c4ddd